 Dungeon Crawl Stone Soup version 0.31.0-4-g52a2dc7128 (webtiles) character file.

Game seed: 1510365630843670870

1856 Destapler the Ruffian (level 8, -1/84 HPs)
             Began as a Troll Fighter on Jan 23, 2024.
             Was a Follower of Wu Jian.
             Slain by an orc
             ... wielding a +0 whip
              (2 damage)
             ... on level 6 of the Dungeon.
             The game lasted 00:07:02 (3955 turns).

Destapler the Ruffian (Troll Fighter)               Turns: 3955, Time: 00:07:03

Health: -1/84      AC:  5    Str: 39    XL:     8   Next: 89%
Magic:  7/7        EV: 10    Int:  4    God:    Wu Jian [*.....]
Gold:   276        SH:  0    Dex:  9    Spells: 7/7 levels left

rFire   . .          .
                       - Unarmed
rCold   . . .        (no shield)
rNeg    . . .        s - +0 robe of Beogh's Brutal Revenge {Slay+2 SInv}
rPois   .            (helmet restricted)
rElec   .            m - +0 cloak
rCorr   .            (gloves unavailable)
SInv    +            (boots unavailable)
Will    .....        (no amulet)
Stlth   +            i - +6 ring of strength
HPRegen 1.14/turn    h - +6 ring of strength
MPRegen 0.10/turn

%: no passive effects
@: mighty
A: large, unfitting armour, claws 3, regeneration 1, shaggy fur 1, tough skin 1
a: Renounce Religion


You were on level 6 of the Dungeon.
You worshipped Wu Jian.
Wu Jian was aware of your devotion.
You visited 1 branch of the dungeon, and saw 7 of its levels.

You collected 302 gold pieces.
You spent 26 gold pieces at shops.

Inventory:

Hand Weapons
 c - a +2 whip of freezing
Armour
 b - a +0 kite shield
 m - a +0 cloak (worn)
 s - the +0 robe of Beogh's Brutal Revenge (worn) {Slay+2 SInv}
   (You found it on level 3 of the Dungeon)

   Slay+2:    It affects your accuracy & damage with ranged weapons and melee
   (+2).
   SInv:      It lets you see invisible.
 x - +0 steam dragon scales
Jewellery
 h - a +6 ring of strength (right claw)
 i - a +6 ring of strength (left claw)
 q - a ring of willpower
 w - a ring of resist corrosion
Wands
 u - a wand of charming (10)
Scrolls
 a - 3 scrolls of identify
 d - a scroll of acquirement {unknown}
 k - a scroll of summoning {unknown}
 l - a scroll of brand weapon {unknown}
 o - 2 scrolls of fear {unknown}
 v - a scroll of immolation {unknown}
 y - a scroll of revelation {unknown}
 z - a scroll of teleportation {unknown}
 A - a scroll of blinking {unknown}
Potions
 e - 6 potions of attraction {unknown}
 f - 4 potions of curing
 g - a potion of degeneration {unknown}
 j - a potion of berserk rage {unknown}
 n - a potion of enlightenment {unknown}
 p - 2 potions of mutation {unknown}
 r - 2 potions of heal wounds {unknown}
 t - a potion of haste {unknown}


   Skills:
 * Level 6.3 Fighting
 + Level 2.9 Armour
 - Level 3.0 Dodging
 - Level 3.0 Shields
 * Level 7.2 Unarmed Combat
 + Level 2.5 Evocations


You had 7 spell levels left.
You didn't know any spells.
Your spell library contained the following spells:

 Spells                   Type           Power      Damage    Failure   Level
 Slow                     Hex            0%         N/A       50%         1
 Confusing Touch          Hex            0%         N/A       86%         3
 Fugue of the Fallen      Necr           0%         N/A       86%         3
 Ozocubu's Armour         Ice            0%         N/A       86%         3
 Sigil of Binding         Hex            0%         N/A       86%         3
 Vampiric Draining        Necr           0%         2d6       86%         3
 Manifold Assault         Tloc           0%         N/A       99%         4
 Malign Gateway           Summ/Tloc      0%         N/A       100%        7
 Summon Horrible Things   Summ           0%         N/A       100%        8


Dungeon Overview and Level Annotations

Branches:
Dungeon (7/15)             Temple (0/1) D:6

Altars:
Okawaru
Trog
Vehumet
Wu Jian

Shops:
D:4 ?


Innate Abilities, Weirdness & Mutations

You are too large for most types of armour.
You have claws for hands.
Your natural rate of healing is unusually fast.
You are covered in fur. (AC +1)
You have tough skin. (AC +1)


Message History

You hear the roar of battle.
There is an entrance to a bailey on this level.
Hurry and find it before the portal closes forever!
You feel sick.
The centaur wields a +0 shortbow.
The centaur shoots an arrow.
The arrow hits you!
* * * LOW HITPOINT WARNING * * *
The orc wizard mumbles some strange words.
The orc wizard flickers and vanishes for a moment.
The centaur shoots an arrow.
The arrow closely misses you.
The arrow hits the orc warrior.
The orc warrior hits you with a +0 flail.
* * * LOW HITPOINT WARNING * * *
The orc wizard casts a spell at you. You resist with some effort.
An orc priest comes into view. It is wielding a +0 mace of protection.
The orc priest shouts!
There is a stone staircase leading up, spattered with blood here.
You feel better. The orc closely misses you.
The orc warrior hits you with a +0 flail!
* * * LOW HITPOINT WARNING * * *
The centaur unwields a +0 shortbow.
The centaur hits you but does no damage.
The centaur kicks you.
* * * LOW HITPOINT WARNING * * *
The centaur hits you.
* * * LOW HITPOINT WARNING * * *
The centaur kicks you.
* * * LOW HITPOINT WARNING * * *
The orc hits you with a +0 whip.
* * * LOW HITPOINT WARNING * * *
The orc warrior barely misses you.
You climb upwards.
There is a stone staircase leading down, spattered with blood here.
You barely miss the orc warrior.
The orc warrior is lightly wounded.
The centaur hits you.
* * * LOW HITPOINT WARNING * * *
The centaur kicks you.
* * * LOW HITPOINT WARNING * * *
The orc hits you with a +0 whip.
You die...

#........### ##...#### #.
####.......####.#.....# #[
#.#.........##.....#######.
#.#####.##.#.#.............
#..................########
######.8.....8)....#
#.........##.##
########.....o......#
#...........@....#######
#.######...o[c.........#
#.# #............####.# #.#
##.#.8.....8..# #.# #.#
#.............####.###
#.###.###..##............#
#.................####.#.#
#####.####.........###.#.#
#.# ######........#.#


You could see an orc warrior, a centaur and an orc.

Vanquished Creatures
  Pikel (D:6)
  A steam dragon (D:6)
  2 water moccasins (D:6)
  An ice beast (D:6)
  A centaur (D:6)
  2 phantoms
  A lemure (D:7)
  3 scorpions (D:6)
  A gnoll sergeant (D:6)
  2 hounds
  A sleepcap (D:5)
  An orc wizard (D:6)
  4 iguanas
  Robin (D:2)
  5 gnolls
  4 adders
  A shadow imp (D:6)
  A white imp (D:6)
  6 ufetubi
  4 dart slugs
  2 ribbon worms
  14 orcs
  4 endoplasms
  7 giant cockroaches
  16 goblins
  10 hobgoblins
  12 jackals
  7 ball pythons
  13 bats
  6 frilled lizards
  6 kobolds
  5 rats
145 creatures vanquished.

Notes
Turn   | Place    | Note
-------+----------+-------------------------------------------
     0 | D:1      | Destapler the Troll Fighter began the quest for the Orb.
     0 | D:1      | Reached XP level 1. HP: 22/22 MP: 0/0
    89 | D:1      | Reached XP level 2. HP: 29/29 MP: 1/1
   346 | D:1      | Reached XP level 3. HP: 37/37 MP: 2/2
   380 | D:1      | Reached skill level 3 in Unarmed Combat
   805 | D:2      | Reached XP level 4. HP: 45/45 MP: 3/3
   819 | D:2      | Noticed Robin
   826 | D:2      | Killed Robin
  1137 | D:2      | Found an iron altar of Okawaru.
  1432 | D:3      | Identified the +0 robe of Beogh's Brutal Revenge {Slay+2
                  | SInv}
  1637 | D:3      | Reached skill level 4 in Unarmed Combat
  1637 | D:3      | Reached XP level 5. HP: 54/54 MP: 4/4
  1967 | D:4      | Found Eziwkal's Magic Scroll Boutique.
  1978 | D:4      | Bought a scroll of identify for 26 gold pieces
  2172 | D:4      | Noticed a phantom
  2181 | D:4      | Killed a phantom
  2406 | D:4      | Found an ornate altar of the Wu Jian Council.
  2407 | D:4      | Found a bloodstained altar of Trog.
  2415 | D:4      | Became a worshipper of the Wu Jian Council
  2440 | D:5      | Entered Level 5 of the Dungeon
  2541 | D:5      | Reached XP level 6. HP: 52/62 MP: 5/5
  2793 | D:5      | Reached skill level 5 in Unarmed Combat
  2984 | D:6      | Noticed a water moccasin
  2987 | D:6      | Noticed a water moccasin
  2991 | D:6      | Killed a water moccasin
  2992 | D:6      | Reached skill level 1 in Armour
  2992 | D:6      | Reached XP level 7. HP: 65/71 MP: 6/6
  2995 | D:6      | Reached skill level 1 in Evocations
  2996 | D:6      | Reached skill level 5 in Fighting
  3119 | D:6      | Reached * piety under Wu Jian
  3217 | D:6      | Noticed a steam dragon
  3225 | D:6      | Killed a steam dragon
  3226 | D:6      | Reached skill level 6 in Unarmed Combat
  3226 | D:6      | Reached XP level 8. HP: 76/81 MP: 7/7
  3249 | D:6      | Found a radiant altar of Vehumet.
  3516 | D:6      | Found a staircase to the Ecumenical Temple.
  3596 | D:6      | Found a radiant altar of Vehumet.
  3933 | D:7      | Noticed Pikel
  3942 | D:6      | Killed Pikel
  3943 | D:6      | Reached skill level 7 in Unarmed Combat
  3953 | D:7      | HP: 3/84 [orc/+0 whip (2)]
  3955 | D:6      | HP: 1/84 [centaur (2)]
  3955 | D:6      | Slain by an orc

Illustrated notes

Levels and vault maps discovered:
D:1:      matt_arrival_grand_opening, layout_loops_cross
D:2:      layout_rooms, basic_altar, uniq_robin
D:3:      layout_basic, nicolae_kite_square_tiling_tiny
D:4:      layout_basic, minitemple, serial_shops, shop
D:5:      layout_rooms
D:6:      layout_loops_corners, minmay_temple_entry_large_hall,
          hangedman_feature_mirror, st_stairs_1, hangedman_decor_push
D:7:      layout_rooms, mainiacjoe_overflow_alcove_4, enter_bailey_5,
          uniq_pikel, uniq_crazy_yiuf_cottage

Skill      XL: |  1  2  3  4  5  6  7  8 |
---------------+-------------------------+-----
Fighting       | 3 4 5 6 |  6.3
Unarmed Combat | 3 4 5 6 7 |  7.2
Armour         | 1 2 |  2.9
Shields        | 3 |  3.0
Evocations     | 1 2 |  2.5
Dodging        | 3 |  3.0

Action                     |  1- 3 |  4- 6 |  7- 9 || total
---------------------------+-------+-------+-------++-------
  Melee: Unarmed           |    90 |   185 |    78 ||   353
         Punch             |     1 |     2 |     3 ||     6
Ability: Lunge             |       |     3 |     9 ||    12
         Whirlwind         |       |       |     4 ||     4
    Use: Scroll            |       |     3 |       ||     3
         Potion            |       |       |     2 ||     2
   Stab: Sleeping          |       |     1 |       ||     1
 Armour: Robe              |    48 |   125 |    57 ||   230
  Dodge: Dodged            |    41 |   105 |    41 ||   187
